Map: Taito Citadel LE

Players

Reynor - Winner!

  • Race: Zerg Zerg

Maru

  • Race: Terran Terran

VOD

Have the link to the VOD?

Description

Time

  • Played on: Jan. 17, 2026, 4:03 a.m.
  • Length: 16:25
Show
View Real Time Build Order
Export as new Build Order

Reynor Zerg - Winner!

Build Orders: Hatch First, Lurkers 

Get SALT Encoding   

  12  0:00  Drone  
  13  0:07  Drone  
  14  0:14  Extractor  
  14  0:15  Drone  
  15  0:21  Overlord  
  15  0:40  Drone  
  16  0:45  Hatchery  
  16  0:49  Drone  
  16  0:52  Drone  
  16  0:55  Drone  
  18  1:06  Extractor  
  17  1:11  Spawning Pool  
  17  1:14  Drone  
  17  1:17  Drone  
  18  1:26  Drone  
  19  1:37  Drone  
  20  1:47  Drone  
  21  1:58  Queen x2, Zergling x4  
  27  2:14  Hatchery  
  26  2:18  Overlord  
  26  2:21  Drone  
  27  2:24  Drone  
  28  2:30  Spore Crawler, Drone  
  29  2:39  Metabolic Boost  
  29  2:43  Queen  
  31  2:45  Drone  
  31  2:48  Overlord  
  32  2:52  Drone  
  32  2:54  Drone  
  32  2:57  Drone  
  35  2:59  Drone  
  36  3:06  Queen  
  36  3:10  Overlord  
  38  3:14  Drone x2  
  38  3:17  Drone  
  38  3:18  Drone  
  42  3:20  Drone  
  42  3:22  Drone  
  42  3:26  Drone x2  
  46  3:28  Drone  
  47  3:34  Queen  
  47  3:40  Overlord  
  49  3:42  Zergling x4  
  49  3:44  Drone  
  52  3:48  Queen  
  52  3:52  Drone x2  
  52  3:53  Drone  
  57  3:58  Drone x3  
  60  4:03  Queen  
  60  4:08  Zergling x2  
  60  4:09  Zergling x2, Evolution Chamber  
  63  4:12  Overlord  
  63  4:15  Drone x2  
  65  4:17  Overlord  
  65  4:20  Drone  
  65  4:27  Overlord  
  65  4:28  Extractor  
  65  4:29  Drone  
  65  4:30  Overlord  
  65  4:31  Drone x3  
  68  4:35  Zerg Ground Armor Level 1  
  68  4:36  Drone  
  69  4:42  Queen  
  69  4:43  Drone x2  
  73  4:46  Zergling x4  
  73  4:47  Zergling x2  
  77  4:52  Drone  
  77  4:53  Baneling Nest  
  77  4:54  Drone  
  77  4:56  Drone  
  77  4:59  Overlord  
  78  5:00  Drone x2  
  80  5:08  Zergling x4  
  80  5:10  Hatchery  
  80  5:12  Lair  
  80  5:13  Zergling x2  
  82  5:15  Zergling x4  
  82  5:16  Zergling x2  
  82  5:18  Zergling x4  
  87  5:22  Queen  
  87  5:24  Overlord  
  87  5:27  Zergling x4  
  91  5:29  Zergling x4  
  91  5:31  Drone  
  91  5:33  Drone  
  91  5:35  Drone x2  
  97  5:39  Overlord  
  97  5:40  Baneling x4  
  97  5:41  Baneling  
  97  5:42  Overlord  
  97  5:43  Drone  
  97  5:45  Drone  
  97  5:46  Hatchery  
  97  5:47  Drone  
  97  5:52  Drone  
  97  5:53  Drone x2  
  97  5:54  Drone x2  
  97  5:56  Drone  
  101  5:57  Drone x2  
  101  5:59  Extractor  
  101  6:01  Extractor  
  101  6:02  Zergling x2  
  102  6:05  Baneling x3  
  102  6:06  Zergling x4  
  102  6:10  Drone  
  105  6:14  Centrifugal Hooks, Hatchery  
  105  6:16  Evolution Chamber  
  105  6:18  Zergling x4, Queen  
  105  6:21  Overlord  
  105  6:25  Drone x3  
  110  6:26  Overlord  
  110  6:29  Zergling x8  
  113  6:33  Baneling x3, Drone  
  113  6:37  Overlord  
  113  6:38  Drone  
  115  6:45  Drone  
  116  6:48  Zerg Melee Weapons Level 1  
  116  6:53  Zerg Ground Armor Level 2  
  116  6:55  Zergling x12  
  116  6:59  Drone x2, Hatchery  
  123  7:02  Zergling x2  
  123  7:07  Zergling x2  
  123  7:08  Zergling x6  
  128  7:12  Zergling x6  
  131  7:18  Baneling x6  
  131  7:20  Drone, Hatchery  
  131  7:21  Drone x2  
  133  7:23  Drone x2  
  133  7:24  Drone  
  133  7:25  Hatchery  
  133  7:27  Burrow, Drone  
  133  7:28  Drone  
  137  7:30  Zergling x4  
  137  7:32  Drone  
  137  7:34  Drone x2  
  137  7:35  Hydralisk Den  
  141  7:38  Baneling x5  
  141  7:39  Zergling x12  
  141  7:41  Overlord  
  146  7:46  Drone x2  
  146  7:49  Drone x2  
  146  7:50  Extractor, Overlord  
  148  7:51  Drone  
  148  7:52  Drone  
  148  7:53  Overlord  
  150  8:00  Drone  
  150  8:02  Drone x2  
  150  8:05  Zergling x18  
  162  8:06  Zergling x2, Hatchery  
  161  8:14  Hydralisk  
  161  8:15  Zergling x8  
  161  8:16  Zergling x2  
  161  8:18  Overlord  
  161  8:19  Muscular Augments  
  168  8:23  Infestation Pit  
  168  8:24  Overlord  
  167  8:27  Hydralisk x4  
  167  8:28  Extractor  
  174  8:36  Hydralisk x2, Zergling x2  
  174  8:37  Zergling x10  
  174  8:39  Extractor  
  175  8:49  Hydralisk  
  175  8:50  Zergling x16  
  185  8:58  Overlord  
  185  9:01  Hive  
  185  9:02  Zerg Missile Weapons Level 1, Hydralisk  
  185  9:03  Hydralisk, Zergling x6  
  185  9:04  Zergling x4  
  192  9:11  Zerg Melee Weapons Level 2  
  192  9:13  Zergling x18  
  192  9:15  Overlord  
  200  9:23  Grooved Spines  
  200  9:28  Lurker Den  
  200  9:30  Drone  
  200  9:41  Baneling x13  
  200  9:44  Hatchery  
  199  9:45  Hatchery  
  199  9:51  Pneumatized Carapace  
  198  9:59  Zergling x4  
  199  10:00  Overseer x3  
  197  10:07  Zergling x6  
  197  10:08  Zergling x2  
  196  10:21  Spore Crawler  
  196  10:22  Drone  
  196  10:23  Spine Crawler, Drone x4  
  192  10:31  Zergling x2  
  192  10:32  Zergling x16  
  192  10:35  Seismic Spines  
  199  10:41  Zergling x20  
  199  10:42  Zergling x4  
  200  10:45  Nydus Network  
  199  10:56  Zerg Ground Armor Level 3  
  199  10:57  Overseer  
  199  10:58  Overseer x3  
  199  11:01  Adrenal Glands  
  185  11:05  Zergling x36  
  185  11:06  Zergling x2  
  185  11:07  Zergling x2  
  185  11:08  Zergling x12  
  197  11:15  Baneling x8  
  197  11:16  Baneling x8  
  197  11:20  Drone x3  
  197  11:23  Extractor, Baneling x7  
  197  11:25  Drone  
  200  11:28  Baneling x4  
  200  11:32  Adaptive Talons  
  200  11:41  Hatchery  
  186  11:48  Zergling x40  
  186  11:49  Zergling x2  
  186  11:51  Unknown  
  186  11:53  Zergling x28  
  184  11:56  Hydralisk x3  
  184  11:57  Hydralisk  
  184  11:58  Hydralisk, Zergling x2  
  181  12:03  Hydralisk x2  
  181  12:04  Zergling x8  
  187  12:12  Zergling x6  
  187  12:13  Baneling x9  
  187  12:19  Baneling  
  187  12:20  Baneling x7  
  186  12:23  Viper  
  186  12:25  Drone x2  
  186  12:26  Drone x2  
  186  12:27  Drone x5  
  186  12:29  Zergling x2  
  200  12:30  Zergling x2  
  200  12:38  Nydus Canal  
  195  12:50  Zergling x22  
  197  12:58  Zergling x18  
  192  13:06  Zergling x18  
  192  13:11  Nydus Canal  
  196  13:19  Zergling x8  
  200  13:20  Overlord  
  200  13:26  Overlord  
  200  13:31  Zerg Missile Weapons Level 2  
  200  13:32  Nydus Canal, Drone x13  
  199  13:37  Spore Crawler  
  199  13:39  Zergling x8  
  200  13:48  Hatchery  
  198  13:56  Baneling x12  
  198  14:01  Zergling x2  
  187  14:11  Zergling x34  
  187  14:12  Zergling x10  
  172  14:18  Zergling x34  
  172  14:21  Zergling x2  
  172  14:22  Zergling x16  
  186  14:29  Zergling x14, Drone x3  
  186  14:30  Zergling x2  
  192  14:36  Lurker x7  
  195  14:52  Baneling x12  
  193  14:56  Baneling x8  
  193  14:57  Hydralisk x5  
  194  15:00  Drone x6  
  200  15:09  Baneling x5  
  200  15:10  Baneling  
  200  15:21  Baneling x8, Hatchery  
  192  15:38  Zergling x24  
  192  15:41  Zergling x10  
  192  15:42  Zergling x2  
  198  15:44  Zergling x2  
  198  15:47  Nydus Canal  
  198  15:53  Zergling x2  
  198  15:54  Zergling x2  
  195  16:07  Zergling x12  
Show
View Real Time Build Order
Export as new Build Order

Maru Terran 

Build Orders: Reaper Expand 

Get SALT Encoding   

  12  0:00  SCV  
  13  0:12  SCV  
  14  0:17  Supply Depot  
  14  0:24  SCV  
  15  0:38  SCV  
  15  0:39  Barracks  
  15  0:42  Refinery  
  16  0:51  SCV  
  17  1:03  SCV  
  18  1:15  SCV  
  19  1:26  Reaper  
  19  1:27  Orbital Command  
  20  1:37  Command Center  
  20  1:47  Supply Depot  
  20  1:52  SCV  
  21  1:58  Marine  
  22  2:04  SCV  
  23  2:14  Command Center  
  23  2:16  SCV  
  23  2:19  Barracks Reactor  
  24  2:28  SCV  
  25  2:36  Barracks  
  25  2:40  SCV  
  26  2:49  Orbital Command  
  26  2:51  Factory  
  26  2:53  SCV  
  26  2:55  Refinery  
  27  2:59  Marine x2  
  27  3:05  SCV  
  30  3:14  SCV  
  30  3:17  Marine x2, SCV  
  34  3:25  Orbital Command  
  34  3:26  SCV  
  35  3:28  Barracks Tech Lab  
  35  3:34  SCV  
  35  3:40  Hellion  
  35  3:41  Hellion, Starport  
  40  3:43  Marine  
  40  3:45  SCV  
  40  3:47  SCV  
  40  3:48  Stimpack  
  43  3:49  Marine  
  43  3:52  SCV  
  43  3:54  Supply Depot  
  45  3:57  SCV  
  45  3:59  SCV  
  47  4:03  Hellion  
  47  4:04  SCV  
  47  4:06  Hellion  
  47  4:07  Marine  
  47  4:09  Marine  
  54  4:10  SCV  
  55  4:17  Supply Depot  
  55  4:18  SCV, Medivac  
  55  4:19  Orbital Command  
  58  4:25  SCV, Marine, Refinery  
  58  4:27  Marine  
  58  4:29  Hellion  
  58  4:30  SCV  
  58  4:31  Hellion  
  66  4:37  SCV  
  67  4:40  Supply Depot  
  67  4:42  SCV  
  67  4:43  Engineering Bay x2  
  67  4:45  SCV  
  69  4:49  SCV  
  70  4:53  Starport Reactor  
  70  4:54  SCV  
  70  4:55  Hellion x2  
  70  4:57  SCV  
  70  4:58  Barracks Reactor  
  76  5:01  SCV  
  76  5:06  Armory  
  77  5:07  Barracks  
  77  5:10  Supply Depot  
  77  5:14  Terran Infantry Weapons Level 1, Terran Infantry Armor Level 1  
  77  5:17  SCV  
  77  5:18  SCV  
  77  5:19  SCV  
  80  5:29  SCV  
  80  5:30  SCV, Combat Shield, Supply Depot  
  80  5:33  SCV  
  83  5:39  Factory Tech Lab  
  83  5:42  SCV x2  
  83  5:49  SCV  
  83  5:54  SCV x2, Marine x3  
  88  5:59  Barracks  
  88  6:00  Supply Depot x2  
  88  6:01  Barracks  
  88  6:03  Siege Tank  
  91  6:08  SCV  
  91  6:09  SCV  
  93  6:11  Supply Depot  
  93  6:22  Supply Depot x2, Medivac  
  93  6:24  SCV x2  
  93  6:25  SCV  
  98  6:32  Supply Depot  
  96  6:34  Marine x3  
  96  6:36  SCV x2  
  96  6:37  SCV  
  102  6:48  Barracks Reactor x2, SCV x2  
  102  6:49  SCV  
  102  6:54  Command Center  
  105  6:56  Refinery x2  
  105  6:57  Refinery  
  105  6:58  Marine x2  
  105  7:00  SCV x2  
  109  7:02  Factory  
  109  7:04  Supply Depot  
  109  7:08  SCV  
  109  7:09  Terran Infantry Weapons Level 2, Terran Infantry Armor Level 2  
  109  7:12  Terran Vehicle And Ship Armor Level 1  
  109  7:13  SCV x2  
  112  7:19  Supply Depot  
  112  7:20  Marine x4, SCV  
  120  7:22  Siege Tank  
  120  7:25  SCV x2, Marine  
  120  7:26  Marine x2  
  125  7:32  SCV  
  125  7:33  Medivac, Sensor Tower  
  128  7:37  SCV x2  
  128  7:43  Marine x2  
  132  7:45  SCV  
  132  7:48  Barracks, Factory Reactor  
  133  7:51  Barracks, SCV x2  
  133  7:52  Drilling Claws, Barracks  
  133  7:54  Marine x2  
  133  7:55  Medivac  
  133  7:57  SCV  
  140  8:05  Medivac, Siege Tank  
  144  8:13  Command Center, SCV  
  145  8:20  Barracks  
  145  8:22  Barracks  
  145  8:23  Marine x4, Marauder  
  145  8:26  SCV x3  
  154  8:37  Barracks Tech Lab  
  154  8:43  Supply Depot  
  154  8:44  Supply Depot x2, Barracks Tech Lab  
  154  8:45  Marauder, Barracks Tech Lab  
  156  8:57  Planetary Fortress  
  156  9:02  Supply Depot  
  156  9:05  Marine x3, Widow Mine, Marauder x2  
  156  9:06  Marauder x2, Widow Mine x2  
  173  9:14  Marine  
  173  9:16  Factory  
  173  9:18  Terran Vehicle Weapons Level 1  
  173  9:21  Barracks Tech Lab x2  
  173  9:23  Sensor Tower  
  173  9:26  Siege Tank  
  173  9:27  Marauder x2, Widow Mine x2  
  184  9:41  Marauder x2  
  184  9:42  Terran Infantry Weapons Level 3, Terran Infantry Armor Level 3  
  188  9:46  Refinery  
  188  9:47  Refinery, Marauder x2  
  188  9:48  Widow Mine x2  
  188  9:51  Planetary Fortress  
  196  9:59  Siege Tank  
  199  10:04  Marine  
  198  10:07  Sensor Tower  
  198  10:10  Marauder x6, Widow Mine x2  
  196  10:16  Medivac  
  198  10:21  Command Center  
  187  10:30  Marine x2  
  187  10:31  Concussive Shells, Siege Tank, Marauder x2  
  187  10:32  Factory Tech Lab  
  194  10:37  Refinery  
  194  10:39  Marine  
  194  10:40  Marauder  
  193  10:46  Marine x3  
  193  10:47  Marauder x2  
  193  10:48  Sensor Tower  
  200  10:54  Armory  
  200  10:59  Marine  
  200  11:03  Siege Tank  
  198  11:04  Widow Mine x2  
  198  11:05  Siege Tank  
  198  11:08  Command Center  
  172  11:12  Marine x3, Marauder x4  
  172  11:13  Marauder x2  
  172  11:16  Terran Vehicle Weapons Level 2  
  172  11:18  Marine x2  
  189  11:24  Missile Turret  
  189  11:27  Widow Mine  
  189  11:28  Widow Mine  
  189  11:30  SCV  
  194  11:36  Siege Tank  
  197  11:42  Siege Tank, SCV  
  187  11:49  Widow Mine  
  187  11:50  Marine  
  187  11:54  Widow Mine, Marine, Marauder  
  152  11:56  Marine x6, Marauder x3  
  152  11:57  Marauder x2  
  152  12:00  Terran Vehicle And Ship Armor Level 2  
  157  12:08  Siege Tank, Marine  
  160  12:10  Widow Mine  
  160  12:12  SCV  
  160  12:14  Marine, Siege Tank  
  168  12:16  Marauder  
  168  12:17  Marauder  
  168  12:18  Marauder x2  
  176  12:27  Orbital Command  
  176  12:28  SCV x3  
  176  12:29  SCV  
  180  12:30  Marine x2  
  180  12:31  Marauder x2  
  186  12:39  Marine, Marauder  
  186  12:40  SCV x2  
  186  12:42  Orbital Command  
  187  12:45  SCV  
  187  12:47  Marine  
  187  12:48  Marine, Marauder x2  
  181  12:52  SCV  
  181  12:57  Marine x3  
  181  12:58  Marauder x2  
  168  13:08  Medivac x2  
  168  13:14  Marine x2, Marauder x2  
  168  13:16  Widow Mine  
  176  13:20  SCV x3  
  176  13:26  Marine x2, Marauder  
  179  13:34  Marine  
  179  13:35  Marine, Marauder  
  179  13:38  Medivac  
  187  13:41  Widow Mine  
  187  13:48  Supply Depot  
  187  13:49  Widow Mine  
  187  13:51  Marine x3, Marauder  
  187  13:53  Widow Mine  
  195  14:02  Orbital Command, Marine  
  195  14:03  Marauder x2  
  179  14:12  Marine x2  
  179  14:14  Marauder x2  
  165  14:24  Marine x2, Marauder x2  
  159  14:27  Marine  
  163  14:33  Marine  
  163  14:34  Marauder x2  
  170  14:39  Marine  
  170  14:43  Marauder  
  171  14:52  Marine, Medivac x2, Widow Mine, Marauder  
  177  15:01  Marine x4  
  177  15:02  Marauder x4  
  187  15:21  Supply Depot  
  187  15:28  Command Center  
  187  15:37  Marine  
  187  15:38  Marine x2  
  187  15:40  Marine x2  
  187  15:41  Marine x2  
  187  15:42  Marauder, Medivac  
  186  15:43  Widow Mine, Marauder x3  
  183  15:52  Marine  
  183  15:53  Marauder  
Tags
 
Add a new tag
Caveats
  • Supply blocks, unpowered buildings, or Contaminate may cause inaccurate times.
  • Supply counts are checked every 10 seconds.